 Dungeon Crawl Stone Soup version 0.21.0-24-g2553a33 (webtiles) character file.

42 tidbits the Skirmisher (level 3, -1/35 HPs)
             Began as a Gnoll Wanderer on Jan 19, 2018.
             Slain by a worm (8 damage)
             ... on level 3 of the Dungeon.
             The game lasted 00:04:46 (596 turns).

tidbits the Skirmisher (Gnoll Wanderer)              Turns: 596, Time: 00:04:46

Health: -1/35      AC:  3    Str: 14    XL:     3   Next: 54%
Magic:  2/9        EV: 11    Int: 17    God:
Gold:   65         SH:  0    Dex: 12    Spells: 2/12 levels left

rFire    . . .     SeeInvis .   e - +0 club
rCold    . . .     Gourm    .   (no shield)
rNeg     . . .     Faith    .   B - +0 leather armour
rPois    .         Spirit   .   (no helmet)
rElec    .         Reflect  .   (no cloak)
rCorr    .         Harm     .   (no gloves)
MR       .....                  (no boots)
Stlth    ..........             (no amulet)
HPRegen  0.11/turn              v - ring of loudness (curse)
MPRegen  0.11/turn              (no ring)

@: infused (expiring), very slightly contaminated
A: distributed training, fangs 1, strong nose
a: no special abilities


You were on level 3 of the Dungeon.
You were full.

You visited 1 branch of the dungeon, and saw 4 of its levels.

You collected 65 gold pieces.

Inventory:

Hand Weapons
 e - a +0 club (weapon)
 g - a +0 whip
 s - a +0 hunting sling
 w - a +0 dagger
 x - a +0 mace
Missiles
 h - 37 arrows
 i - 51 sling bullets
 t - 5 javelins (quivered)
Armour
 d - a +0 robe
 m - a +0 ring mail
 B - a +0 leather armour (worn)
Jewellery
 v - a cursed ring of loudness (left hand)
   (You found it on level 3 of the Dungeon)
Wands
 q - a wand of iceblast (5)
Scrolls
 j - a scroll of fear {unknown}
 l - a scroll of enchant weapon {unknown}
 r - a scroll of magic mapping {unknown}
Potions
 c - 2 potions of lignification
 k - a potion of brilliance {unknown}
 o - a potion of heal wounds {unknown}
 p - a potion of haste
 u - a potion of resistance {unknown}
Books
 a - a book of Battle

   Spells                             Type                      Level
   a - Infusion                       Charms                       1
   b - Shroud of Golubria             Charms/Translocation         2
   c - Song of Slaying                Charms                       2
   d - Spectral Weapon                Hexes/Charms                 3
   e - Regeneration                   Charms/Necromancy            3
 b - the Disquisition on Evil

   Spells                             Type                      Level
   a - Animate Skeleton               Necromancy                   1
   b - Regeneration                   Charms/Necromancy            3
 n - a book of Cantrips
   (You found it on level 2 of the Dungeon)

   Spells                             Type                      Level
   a - Confusing Touch                Hexes                        1
   b - Animate Skeleton               Necromancy                   1
   c - Summon Small Mammal            Summoning                    1
   d - Apportation                    Translocation                1
Comestibles
 f - 3 rations


   Skills:
 + Level 6.5 Fighting
 + Level 0.8 Short Blades
 + Level 0.8 Long Blades
 + Level 0.8 Axes
 + Level 0.8 Maces & Flails
 + Level 0.8 Polearms
 + Level 0.8 Staves
 + Level 0.8 Slings
 + Level 0.8 Bows
 + Level 0.8 Crossbows
 + Level 0.8 Throwing
 + Level 0.8 Armour
 + Level 0.8 Dodging
 + Level 0.8 Stealth
 + Level 4.5 Shields
 + Level 0.8 Unarmed Combat
 + Level 5.0 Spellcasting
 + Level 0.5 Conjurations
 + Level 3.7 Hexes
 + Level 2.1 Charms
 + Level 0.5 Summonings
 + Level 0.5 Necromancy
 + Level 0.5 Translocations
 + Level 0.5 Transmutations
 + Level 0.5 Fire Magic
 + Level 0.5 Ice Magic
 + Level 0.5 Air Magic
 + Level 0.5 Earth Magic
 + Level 0.5 Poison Magic
 + Level 1.0 Invocations
 + Level 0.8 Evocations


You had 2 spell levels left.
You knew the following spells:

 Your Spells              Type           Power        Failure   Level  Hunger
g - Shroud of Golubria    Chrm/Tloc      #.........   16%         2    #......
i - Infusion              Chrm           ##..         7%          1    None
n - Animate Skeleton      Necr           N/A          14%         1    None
r - Regeneration          Chrm/Necr      #.........   30%         3    ###....
y - Song of Slaying       Chrm           ##......     11%         2    #......
A - Apportation           Tloc           #.....       14%         1    None


Dungeon Overview and Level Annotations

Branches:
Dungeon (4/15)
 Temple: D:4-7

Altars:


Innate Abilities, Weirdness & Mutations

Your experience applies equally to all skills.
You have very sharp teeth.
Your uncanny sense of smell can sniff out nearby items.


Message History

Items here: ! ( )) † a mace; a potion of lignification; a dagger; 2 javelins; a goblin corpse
w - a dagger;
x - a mace;
t - 4 javelins (gained 2)
c - 2 potions of lignification (gained 1)
You see here 17 arrows.
h - 37 arrows (gained 17)
You see here a javelin.
t - 5 javelins (gained 1)
You are no longer magically infusing your attacks.
A ball python comes into view.
The ball python hisses angrily.
Found 20 bolts.
A bat comes into view.
The ball python closely misses you. x2
Casting: Infusion
Confirm with . or Enter, or press ? or * to list all spells.
You begin infusing your attacks with magical energy.
The ball python misses you. The ball python closely misses you.
You hit the ball python.
You kill the ball python!
The bat hits you.
* * * LOW HITPOINT WARNING * * *
You barely miss the bat. You bite the bat, but do no damage.
The bat barely misses you.
You miss the bat. The bat hits you but does no damage.
The bat barely misses you. The bat hits you.
* * * LOW HITPOINT WARNING * * *
You barely miss the bat. The bat hits you but does no damage. The bat hits you.
* * * LOW HITPOINT WARNING * * *
The bat completely misses you.
You closely miss the bat. The bat completely misses you.
You hit the bat.
You kill the bat!
Found an orange potion.
A worm and a kobold come into view.
The kobold shouts!
You hear a shout!
The kobold throws a stone.
The stone hits you.
* * * LOW HITPOINT WARNING * * *
Found a club.
An orc comes into view. It is wielding a dagger.
You see here a stone.
The kobold closely misses you.
Unknown command.
You barely miss the kobold. You bite the kobold, but do no damage.
The kobold closely misses you. The kobold misses you.
You hit the kobold.
The kobold is severely wounded.
The kobold hits you but does no damage.
You closely miss the kobold.
The kobold is severely wounded.
Your magical infusion is running out.
The kobold hits you but does no damage.
You see here a stone.
You miss the kobold.
The kobold is severely wounded.
You are no longer magically infusing your attacks.
The kobold hits you but does no damage.
Casting: Infusion
Confirm with . or Enter, or press ? or * to list all spells.
You miscast Infusion.
You are very lightly contaminated with residual magic.
You feel a strange surge of energy! The kobold hits you but does no damage.
Casting: Infusion
Confirm with . or Enter, or press ? or * to list all spells.
You begin infusing your attacks with magical energy.
The kobold hits you but does no damage.
Unknown command.
You hit the kobold.
You kill the kobold!
Your Invocations skill increases to level 1!
You hit the orc.
The orc is lightly wounded.
The orc hits you but does no damage.
You hit the orc.
The orc is severely wounded.
The orc hits you with a dagger.
* * * LOW HITPOINT WARNING * * *
The orc barely misses you.
You completely miss the orc.
The orc is severely wounded.
The orc closely misses you.
You hit the orc but do no damage.
The orc is severely wounded.
The orc hits you with a dagger.
* * * LOW HITPOINT WARNING * * *
You closely miss the orc.
The orc is severely wounded.
Your magical infusion is running out.
The orc hits you with a dagger.
* * * LOW HITPOINT WARNING * * *
You hit the orc.
You kill the orc!
Casting: Infusion
Confirm with . or Enter, or press ? or * to list all spells.
You miscast Shroud of Golubria.
Your skin tingles.
You hit the worm. Your bite misses the worm.
The worm is lightly wounded.
The worm bites you!
You die...

...# .. # #..#! ...
#..## .... ∆ #..#.....
## ###(....... .##### ∆
#(......... .....#
###..######## .....#
#.#....##########.....#
.........w@............#
##.#############.......#
# # ###.#.....# . #
####.†.####### .. .#
#....### #. .# #.####
#.. #.# ##.# #.####..#
##..#
##...#..#######..##


You could see a worm.

Vanquished Creatures
  An adder (D:2)
  2 oozes (D:3)
  A worm (D:2)
  An orc (D:3)
  A ball python (D:3)
  3 giant cockroaches
  2 goblins (D:3)
  A hobgoblin (D:3)
  2 bats
  2 frilled lizards
  3 kobolds (D:3)
  3 rats
22 creatures vanquished.

Notes
Turn   | Place    | Note
-------+----------+-------------------------------------------
     0 | D:1      | tidbits the Gnoll Wanderer began the quest for the Orb.
     0 | D:1      | tidbits set off with: a book of Battle, the Disquisition on Evil, a potion of lignification, a +0 robe, a +0 club, a ration
     0 | D:1      | Reached XP level 1. HP: 23/23 MP: 6/6
     0 | D:1      | Identified the Disquisition on Evil
     2 | D:1      | Learned a level 1 spell: Infusion
     4 | D:1      | Learned a level 1 spell: Animate Skeleton
   235 | D:2      | Reached skill level 2 in Charms
   254 | D:2      | Reached XP level 2. HP: 26/29 MP: 2/7
   258 | D:2      | Learned a level 2 spell: Shroud of Golubria
   261 | D:2      | Learned a level 2 spell: Song of Slaying
   335 | D:2      | Learned a level 1 spell: Apportation
   391 | D:3      | Reached XP level 3. HP: 19/35 MP: 3/9
   405 | D:3      | Reached skill level 5 in Spellcasting
   488 | D:4      | Learned a level 3 spell: Regeneration
   588 | D:3      | Reached skill level 1 in Invocations
   596 | D:3      | Slain by a worm

Skill      XL: |  1  2  3 |
---------------+----------+-----
Charms         | 2 |  2.1
Spellcasting   | 5 |  5.0
Invocations    | 1 |  1.0
Fighting       | |  6.5
Short Blades   | |  0.8
Long Blades    | |  0.8
Axes           | |  0.8
Maces & Flails | |  0.8
Polearms       | |  0.8
Staves         | |  0.8
Slings         | |  0.8
Bows           | |  0.8
Crossbows      | |  0.8
Throwing       | |  0.8
Armour         | |  0.8
Dodging        | |  0.8
Stealth        | |  0.8
Shields        | |  4.5
Unarmed Combat | |  0.8
Conjurations   | |  0.5
Hexes          | |  3.7
Summonings     | |  0.5
Necromancy     | |  0.5
Translocations | |  0.5
Transmutations | |  0.5
Fire Magic     | |  0.5
Ice Magic      | |  0.5
Air Magic      | |  0.5
Earth Magic    | |  0.5
Poison Magic   | |  0.5
Evocations     | |  0.8

Action                   || total
-------------------------++-------
Melee: Club              ||    65
       Bite              ||     8
Throw: Javelin           ||     3
 Cast: Infusion          ||    10
       Regeneration      ||     1
  Use: Scroll            ||     1
  Eat: Ration            ||     1
Armor: Leather armour    ||    17
Dodge: Dodged            ||    35

Table legend:
 A = Turns spent in this place as a percentage of turns spent in the entire game.
 B = Non-inter-level travel turns spent in this place as a percentage of non-inter-level travel turns spent in the entire game.
 C = Inter-level travel turns spent in this place as a percentage of turns spent in this place.
 D = Turns resting spent in this place as a percentage of non-inter-level travel turns spent in this place.
 E = Turns spent auto-exploring this place as a percentage of non-inter-level travel turns spent in this place.
 F = Non-inter-level travel turns spent in this place divided by the number of levels of this place that you've seen.
                   A       B       C       D       E      F
               +-------+-------+-------+-------+-------+----------------------
         Total | 100.0 | 100.0 |   0.0 |   0.0 |   0.0 | 149.0
       Dungeon | 100.0 | 100.0 |   0.0 |   0.0 |   0.0 | 149.0
               +-------+-------+-------+-------+-------+----------------------

Table legend:
 A = Kills in this place as a percentage of kills in entire the game.
 B = Kills by you in this place as a percentage of kills by you in the entire game.
 C = Kills by friends in this place as a percentage of kills by friends in the entire game.
 D = Other kills in this place as a percentage of other kills in the entire game.
 E = Experience gained in this place as a percentage of experience gained in the entire game.
 F = Experience gained in this place divided by the number of levels of this place that you have seen.
                   A       B       C       D       E      F
               +-------+-------+-------+-------+-------+----------------------
         Total | 100.0 | 100.0 |   N/A |   N/A | 100.0 |  15.0
       Dungeon | 100.0 | 100.0 |   N/A |   N/A | 100.0 |  15.0
               +-------+-------+-------+-------+-------+----------------------

Vault maps used:
D:1:      dpeg_arrival_circle_labyrinth_c
D:2:      minmay_door_path, minmay_misc_feat_diagonals, uniq_crazy_yiuf_cottage
